 Dungeon Sprint DCSS version 0.19-a0-1732-g0b18a7b (webtiles) character file.

444 George the Skirmisher (level 6, 0/56 HPs)
             Began as a Demonspawn Fighter on Sept 30, 2016.
             Was an Initiate of Okawaru.
             Slain by a centaur warrior (12 damage)
             ... in the Dungeon (Sprint IX: "|||||||||||||||||||||||||||||").
             The game lasted 00:02:02 (576 turns).

George the Skirmisher (Demonspawn Fighter)           Turns: 576, Time: 00:02:03

Health: 0/56       AC: 15    Str: 18    XL:     6   Next: 72%
Magic:  9/9        EV:  8    Int:  9    God:    Okawaru [......]
Gold:   0          SH:  0    Dex: 13    Spells: 0 memorised, 5 levels left

rFire  . . .     SeeInvis .     a - +0 long sword
rCold  . . .     Gourm    .     b - +0 scale mail
rNeg   . . .     Faith    .     c - +0 shield
rPois  .         Spirit   .     (helmet restricted)
rElec  .         Dismiss  .     p - +0 cloak
rCorr  .         Reflect  .     (no gloves)
MR     .....     Harm     .     (no boots)
Stlth  .......... NoTele   +    (no amulet)
                                r - +2 ring of protection
                                q - +2 ring of protection

@: confused, very slightly contaminated, hasted, very quick
A: horns 1, slimy green scales 1, powered by death 1, spiny 1
a: Renounce Religion


You were in the Dungeon.
You worshipped Okawaru.
Okawaru was noncommittal.
You were not hungry.

You visited 1 branch

Inventory:

Hand Weapons
 a - a +0 long sword (weapon)
 o - a +2 rapier of draining
Armour
 b - a +0 scale mail (worn)
 c - a +0 shield (worn)
 p - a +0 cloak (worn)
Jewellery
 q - a +2 ring of protection (left hand)
 r - a +2 ring of protection (right hand)
Wands
 n - a wand of iceblast (7/15)
Scrolls
 k - 2 scrolls of blinking
 l - 3 scrolls of remove curse
 m - 2 scrolls of amnesia
Potions
 e - a potion of invisibility
 g - 3 potions of heal wounds
 i - 4 potions of magic
 j - 3 potions of curing
Comestibles
 f - a bread ration


   Skills:
 + Level 7.7 Fighting
 + Level 6.6 Long Blades
 + Level 6.9 Armour
 + Level 6.9 Shields
 + Level 4.6 Invocations


You had 5 spell levels left.
You didn't know any spells.

Dungeon Overview and Level Annotations

Branches:
Dungeon (1/1)

Altars:
Cheibriados
Dithmenos
Elyvilon
Fedhas
Gozag
Hepliaklqana
Kikubaaqudgha
Makhleb
Nemelex Xobeh
Okawaru
Qazlal
Ru
Sif Muna
Trog
Uskayaw
Vehumet
Xom
Yredelemnul
Zin
The Shining One
Beogh
Jiyva
Lugonu


Innate Abilities, Weirdness & Mutations

You have a pair of small horns on your head.
You are partially covered in slimy green scales. (AC +2)
You regenerate a little health from kills.
You are partially covered in sharp spines.


Message History

The centaur warrior is struck by your spines.
The centaur warrior hits you. The golden eye blinks at you.
You are confused.
The phantom hits you but does no damage.
You are very lightly contaminated with residual magic.
You closely miss the centaur warrior.
The centaur warrior is moderately wounded.
The centaur warrior hits you. The phantom is struck by your spines.
The phantom barely misses you.
You barely miss the centaur warrior.
The centaur warrior is moderately wounded.
The centaur warrior is struck by your spines.
The centaur warrior hits you!
* * * LOW HITPOINT WARNING * * *
The golden eye blinks at you.
You are more confused.
The centaur warrior is struck by your spines.
The centaur warrior hits you!
You die... ▓▓▓▓▓▓▓▓▓▓▓▓▓▓▓▓▓▓▓▓▓▓▓▓ +.GoJCc@W...)('(.[.[)|.. ▓▓▓▓▓▓▓▓▓▓▓▓▓▓▓▓▓▓▓▓▓▓▓▓

You could see a slime creature, a centaur warrior, a cyclops, a phantom, an orc warrior and a golden eye.

Vanquished Creatures
  A vampire (D)
  An ogre (D)
  A centaur (D)
  A wight (D)
  A hound (D)
  2 worker ants (D)
  A leopard gecko (D)
  2 orcs (D)
  A bat zombie (D)
  2 giant cockroaches (D)
  2 kobolds (D)
  A bat (D)
16 creatures vanquished.

Notes
Turn   | Place    | Note
-------+----------+-------------------------------------------
     0 | D        | George the Demonspawn Fighter began the quest for the Orb.
     0 | D        | Reached XP level 1. HP: 18/18 MP: 1/1
    42 | D        | Noticed a worker ant
    42 | D        | Noticed a worker ant
    42 | D        | Noticed an ogre
    42 | D        | Noticed a centaur
    43 | D        | Gained mutation: You are partially covered in slimy green scales. (AC +2) [demonic ancestry]
    43 | D        | Reached XP level 2. HP: 24/24 MP: 2/2
    50 | D        | Killed a centaur
    50 | D        | Reached skill level 5 in Fighting
    50 | D        | Gained mutation: You have a pair of small horns on your head. [demonic ancestry]
    50 | D        | Reached XP level 3. HP: 33/33 MP: 3/3
    50 | D        | Gained mutation: You regenerate a little health from kills. [demonic ancestry]
    50 | D        | Reached XP level 4. HP: 39/39 MP: 4/4
    58 | D        | Killed an ogre
    58 | D        | Reached skill level 6 in Fighting
    58 | D        | Reached skill level 5 in Long Blades
    58 | D        | Reached skill level 5 in Armour
    58 | D        | Reached skill level 5 in Shields
    58 | D        | Reached XP level 5. HP: 23/46 MP: 5/5
   326 | D        | Found a roughly hewn altar of Beogh.
   326 | D        | Found a snail-covered altar of Cheibriados.
   326 | D        | Found a shadowy altar of Dithmenos.
   326 | D        | Found a white marble altar of Elyvilon.
   326 | D        | Found a blossoming altar of Fedhas.
   326 | D        | Found an opulent altar of Gozag.
   327 | D        | Found a hazy altar of Hepliaklqana.
   328 | D        | Found a viscous altar of Jiyva.
   329 | D        | Found an ancient bone altar of Kikubaaqudgha.
   330 | D        | Found a corrupted altar of Lugonu.
   331 | D        | Found a burning altar of Makhleb.
   332 | D        | Found a sparkling altar of Nemelex Xobeh.
   333 | D        | Found an iron altar of Okawaru.
   334 | D        | Found a stormy altar of Qazlal.
   335 | D        | Found a sacrificial altar of Ru.
   336 | D        | Found a deep blue altar of Sif Muna.
   337 | D        | Found a bloodstained altar of Trog.
   338 | D        | Found a hide-covered altar of Uskayaw.
   339 | D        | Found a radiant altar of Vehumet.
   340 | D        | Found a shimmering altar of Xom.
   341 | D        | Became a worshipper of Warmaster Okawaru
   342 | D        | Found a basalt altar of Yredelemnul.
   343 | D        | Found a glowing silver altar of Zin.
   344 | D        | Found a glowing golden altar of the Shining One.
   378 | D        | Noticed a vampire
   390 | D        | Reached skill level 1 in Invocations
   404 | D        | Reached skill level 7 in Fighting
   404 | D        | Gained mutation: You are partially covered in sharp spines. [demonic ancestry]
   404 | D        | Reached XP level 6. HP: 8/55 MP: 6/8
   411 | D        | Killed a vampire
   566 | D        | Noticed an orc warrior
   566 | D        | Noticed a slime creature
   566 | D        | Noticed a golden eye
   566 | D        | Noticed a cyclops
   566 | D        | Noticed a centaur warrior
   576 | D        | Slain by a centaur warrior

Vault maps used:
D:        linesprint

Skill      XL: |  1  2  3  4  5  6 |
---------------+-------------------+-----
Long Blades    | 2 4 5 6 |  6.6
Armour         | 3 4 5 6 |  6.9
Shields        | 3 4 5 6 |  6.9
Fighting       | 5 6 7 |  7.7
Invocations    | 2 4 |  4.6

Action                   |  1- 3 |  4- 6 || total
-------------------------+-------+-------++-------
Melee: Long sword        |    30 |    59 ||    89
       Headbutt          |       |    11 ||    11
  Use: Potion            |     1 |     4 ||     5
Armor: Scale mail        |    12 |    34 ||    46
Dodge: Dodged            |    12 |    22 ||    34
Block: Shield            |     9 |    22 ||    31
